 Dungeon Crawl Stone Soup version 0.24.0-1-gfbc8707122 (webtiles) character file.

Game seed: 6239504809521169173, levelgen mode: deterministic

47 Mrkan the Skirmisher (level 3, -3/33 HPs)
             Began as a Draconian Fighter on Oct 25, 2019.
             Slain by a sky beast (6 damage)
             ... on level 2 of the Dungeon.
             The game lasted 00:01:26 (781 turns).

Mrkan the Skirmisher (Draconian Fighter)             Turns: 781, Time: 00:01:27

Health: -3/33      AC:  5    Str: 18    XL:     3   Next: 48%
Magic:  3/3        EV: 10    Int:  9    God:
Gold:   25         SH:  9    Dex: 10    Spells: 2/2 levels left

rFire    . . .     SeeInvis .   a - +0 long sword
rCold    . . .     Gourm    .   b - +0 shield
rNeg     . . .     Faith    .   (armour unavailable)
rPois    .         Spirit   .   (helmet restricted)
rElec    .         Reflect  .   (no cloak)
rCorr    .         Harm     .   h - -1 pair of gloves (curse)
MR       .....                  (no boots)
Stlth    +.........             (no amulet)
HPRegen  0.11/turn              (no ring)
MPRegen  0.08/turn              (no ring)

@: no status effects
A: unfitting armour, cold-blooded, AC +5
a: no special abilities


You were on level 2 of the Dungeon.
You were not hungry.

You visited 1 branch of the dungeon, and saw 2 of its levels.

You collected 25 gold pieces.

Inventory:

Hand Weapons
 a - a +0 long sword (weapon)
Armour
 b - a +0 shield (worn)
 h - a cursed -1 pair of gloves (worn)
Jewellery
 m - an uncursed ring of see invisible {unknown}
Scrolls
 e - a scroll of amnesia {unknown}
 i - 2 scrolls of immolation {unknown}
 k - a scroll of remove curse {unknown}
 l - a scroll of identify {unknown}
Potions
 c - a potion of might
 g - a potion of haste {unknown}
 j - a potion of cancellation {unknown}
 n - a potion of flight {unknown}
 o - a potion of heal wounds {unknown}
Comestibles
 d - 2 rations
 f - 3 chunks of flesh


   Skills:
 + Level 3.7 Fighting
 * Level 3.1 Long Blades
 - Level 2.6 Dodging
 + Level 3.4 Shields


You had 2 spell levels left.
You didn't know any spells.
Your spell library was empty.

Dungeon Overview and Level Annotations

Branches:
Dungeon (2/15)

Altars:


Innate Abilities, Weirdness & Mutations

Your plain brown scales are hard. (AC +5)
You cannot fit into any form of body armour.
You are cold-blooded and may be slowed by cold attacks.


Message History

You miss something. You tail-slap something.
Something hits you but does no damage.
You miss something. Something hits you. Something shocks you.
Something hits you.
* * * LOW HITPOINT WARNING * * *
Something shocks you.
* * * LOW HITPOINT WARNING * * *
You closely miss something.
A sky beast appears from thin air!
Reactivating autopickup.
The sky beast hits you but does no damage.
You closely miss the sky beast.
You tail-slap the sky beast, but do no damage.
The sky beast is severely wounded.
The sky beast hits you but does no damage.
You barely miss the sky beast.
The sky beast is severely wounded.
The sky beast hits you.
* * * LOW HITPOINT WARNING * * *
The sky beast shocks you.
You die...

..#.############
##.#.#>.........##
#....#............
#....#.#..........
+....#.#.##.......
#....#.#.##....... #
#........##.......
#.##.#.#.####.......
#.Y@.#.#.# #.......
######.#.# ##'#....
#.#.# #.#.... #.#.#
#.####+ #.#.# #.#
#.#.# #.# #.#####
#.#.... #.#....


You could see a sky beast.

Vanquished Creatures
  2 adders (D:2)
  A leopard gecko (D:1)
  5 goblins
  7 hobgoblins
  3 jackals (D:2)
  A kobold (D:2)
  3 bats (D:1)
  A frilled lizard (D:1)
  3 rats
26 creatures vanquished.

Notes
Turn   | Place    | Note
-------+----------+-------------------------------------------
     0 | D:1      | Mrkan the Draconian Fighter began the quest for the Orb.
     0 | D:1      | Reached XP level 1. HP: 19/19 MP: 1/1
   202 | D:1      | Reached XP level 2. HP: 22/26 MP: 2/2
   442 | D:2      | Reached XP level 3. HP: 21/33 MP: 3/3
   771 | D:2      | Noticed a sky beast
   781 | D:2      | Slain by a sky beast

Levels and vault maps discovered:
D:1:      saegor_arrival_under_anarchy, layout_basic
D:2:      layout_basic

Skill      XL: |  1  2 |
---------------+-------+-----
Long Blades    | 3 |  3.1
Fighting       | |  3.7
Dodging        | |  2.6
Shields        | |  3.4

Action                   || total
-------------------------++-------
Melee: Long sword        ||    96
       Tailslap          ||    15
Armor: Skin              ||    40
Dodge: Dodged            ||    29
Block: Shield            ||    48
       Rpst.: Long sword ||     6
